 Dungeon Crawl Stone Soup version 0.26-a0-649-gf8c6c3aab7 (webtiles) character file.

Game seed: 5277469250925995518

34 smeego the Skirmisher (level 3, -1/26 HPs)
             Began as an Octopode Fighter on Sept 26, 2020.
             Succumbed to Sigmund's poison
             ... on level 2 of the Dungeon.
             The game lasted 00:01:05 (1582 turns).

smeego the Skirmisher (Octopode Fighter)            Turns: 1582, Time: 00:01:06

Health: -1/26      AC:  1    Str: 16    XL:     3   Next: 31%
Magic:  3/3        EV: 11    Int: 10    God:
Gold:   53         SH:  0    Dex: 11    Spells: 2/2 levels left

rFire    . . .     SeeInvis .   a - +0 long sword
rCold    . . .     Faith    .   b - +0 kite shield
rNeg     . . .     Spirit   .   (helmet restricted)
rPois    .         Reflect  .   (no amulet)
rElec    .         Harm     .   (no ring)
rCorr    .         Rampage  .   (no ring)
MR       .....                  (no ring)
Stlth    ++........             (no ring)
HPRegen  0.08/turn              (no ring)
MPRegen  0.08/turn              (no ring)
                                (no ring)
                                (no ring)

@: confused, lethally poisoned (-1 -> -26)
A: almost no armour, stealthy swim, amphibious, 8 rings, constrict 8, camouflage
1, gelatinous body 1
a: no special abilities


You were on level 2 of the Dungeon.
You visited 1 branch of the dungeon, and saw 2 of its levels.

You collected 53 gold pieces.

Inventory:

Hand Weapons
 a - a +0 long sword (weapon)
Missiles
 i - 6 javelins (quivered)
Armour
 b - a +0 kite shield (worn)
Scrolls
 d - 2 scrolls of remove curse {unknown}
 e - a scroll of identify {unknown}
 g - a scroll of amnesia {unknown}
 h - a scroll of teleportation {unknown}
 j - a scroll of enchant armour {unknown}
Potions
 c - a potion of might
 f - a potion of heal wounds {unknown}


   Skills:
 + Level 3.1 Fighting
 * Level 2.5 Long Blades
 + Level 0.8 Throwing
 + Level 3.1 Dodging
 + Level 1.2 Stealth
 + Level 3.1 Shields
 + Level 0.6 Unarmed Combat


You had 2 spell levels left.
You didn't know any spells.
Your spell library was empty.

Dungeon Overview and Level Annotations

Branches:
Dungeon (2/15)

Altars:

Annotations:
D:2 Sigmund


Innate Abilities, Weirdness & Mutations

You cannot wear most types of armour.
You are very stealthy in the water. (Stealth+)
You are amphibious.
You can wear up to eight rings at the same time.
You can use your tentacles to constrict eight enemies at once.
Your skin changes colour to match your surroundings (Stealth+).
Your rubbery body absorbs attacks. (AC +1, EV +1)


Message History

The hobgoblin closely misses you.
You hit the hobgoblin.
The hobgoblin is heavily wounded.
You constrict the hobgoblin.
You kill the hobgoblin!
You hear some strange, mumbled words.
You are confused.
You are too confused!
You are too confused!
You hear some strange, mumbled words.
You are more confused.
You see here a +0 club.
Unknown command.
You're too confused to move!
Something hits you!
You bump into the rock wall.
Something hits you!
Ouch! That really hurt!
* * * LOW HITPOINT WARNING * * *
You are lethally poisoned!
You bump into the rock wall.
You die...

### ###
#.###########.#
#.............#
####.#.###########.#
..........@.......#.#
#####.#.#########.#.#
#.#.# #.# # #.# #.#
#.# #.# #.. #.#
######################
#.#
.....................#
#.#
.###################.#
#.#


There were no monsters in sight!

Vanquished Creatures
  A leopard gecko (D:1)
  2 giant cockroaches
  4 goblins (D:1)
  7 hobgoblins
  2 jackals (D:1)
  A quokka (D:2)
  A ball python (D:1)
  5 bats (D:1)
  4 frilled lizards
  4 rats (D:1)
31 creatures vanquished.

Notes
Turn   | Place    | Note
-------+----------+-------------------------------------------
     0 | D:1      | smeego the Octopode Fighter began the quest for the Orb.
     0 | D:1      | Reached XP level 1. HP: 16/16 MP: 1/1
   162 | D:1      | Reached XP level 2. HP: 21/21 MP: 2/2
   440 | D:1      | Reached skill level 1 in Stealth
   862 | D:1      | Reached XP level 3. HP: 26/26 MP: 3/3
  1574 | D:2      | Noticed Sigmund
  1581 | D:2      | HP: 1/26 [something (13)]
  1582 | D:2      | Succumbed to Sigmund's poison

Illustrated notes

Levels and vault maps discovered:
D:1:      minmay_arrival_four_loops, layout_basic, hangedman_decor_riveting
D:2:      layout_basic, grunt_decor_mini_mirrors, grunt_ministairs_3,
          uniq_terence, uniq_crazy_yiuf_cottage, uniq_sigmund

Skill      XL: |  1  2 |
---------------+-------+-----
Stealth        | 1 |  1.2
Fighting       | |  3.1
Long Blades    | |  2.5
Throwing       | |  0.8
Dodging        | |  3.1
Shields        | |  3.1
Unarmed Combat | |  0.6

Action                   || total
-------------------------++-------
Melee: Long sword        ||    47
       Constrict         ||    15
       Tentacles         ||     7
 Stab: Sleeping          ||     8
Armor: Skin              ||     4
Dodge: Dodged            ||    19
Block: Kite shield       ||    18
       Rpst.: Long sword ||     8

Table legend: (Time is in decaauts)
 A = Elapsed time spent in this place.
 B = Non-inter-level travel time spent in this place.
 C = Inter-level travel time spent in this place.
 D = Time resting spent in this place.
 E = Time spent auto-exploring this place.
 F = Levels seen in this place.
 G = Mean time per level.
                   A        B        C        D        E       F      G
               +--------+--------+--------+--------+--------+-----+--------+
         Total |   1599 |   1480 |    119 |    287 |   1020 |   2 |  799.5 |
       Dungeon |   1599 |   1480 |    119 |    287 |   1020 |   2 |  799.5 |
               +--------+--------+--------+--------+--------+-----+--------+

Top non-repeatable levels by time:
     D:1: 1362 daAuts
     D:2: 237 daAuts
